Map: Orbitalwerft

Players

KappaOpieOP - Winner!

  • Race: Terran Terran
  • League: Platinum

Bakemonoda

  • Race: Terran Terran
  • League: Platinum

VOD

Have the link to the VOD?

Description

mech tvt

Time

  • Played on: Sept. 17, 2015, 4:37 p.m.
  • Length: 19:39
Show
View Real Time Build Order
Export as new Build Order

KappaOpieOP Terran - Winner!

Build Orders: 1/1/1, Liberator Opening 

Get SALT Encoding   

  12  0:02  SCV  
  13  0:14  SCV  
  14  0:18  Supply Depot  
  14  0:26  SCV  
  15  0:32  Refinery  
  15  0:42  Barracks  
  15  0:45  SCV  
  16  0:57  SCV  
  17  1:09  SCV  
  18  1:21  SCV  
  19  1:30  Marine  
  20  1:33  Orbital Command  
  20  1:39  Factory  
  20  1:44  Supply Depot  
  20  1:48  Marine  
  21  1:59  SCV  
  22  2:02  Refinery  
  22  2:06  Marine  
  23  2:11  SCV  
  23  2:23  SCV, Starport  
  23  2:24  Marine, Widow Mine  
  27  2:35  SCV  
  28  2:38  Supply Depot  
  28  2:42  Marine  
  29  2:47  SCV  
  30  2:56  Armory  
  30  2:59  Marine, Widow Mine  
  30  3:00  Liberator  
  30  3:03  SCV  
  34  3:08  Supply Depot  
  34  3:17  Marine  
  38  3:31  SCV  
  39  3:35  Marine  
  39  3:41  Command Center  
  38  3:50  SCV  
  38  3:55  Marine  
  40  3:57  Liberator  
  40  3:59  Factory Reactor  
  40  4:02  SCV  
  41  4:03  Supply Depot  
  41  4:04  Factory  
  44  4:18  SCV  
  45  4:30  Marine  
  39  4:31  SCV  
  36  4:44  SCV  
  33  4:48  Hellion x2  
  33  4:49  Factory Tech Lab  
  29  5:00  SCV  
  29  5:12  SCV  
  27  5:19  Orbital Command  
  27  5:21  Refinery x2  
  25  5:24  SCV  
  26  5:31  Hellion x2  
  30  5:38  SCV  
  29  5:46  SCV  
  30  5:50  Siege Tank  
  30  5:51  SCV  
  34  5:58  SCV  
  34  6:03  SCV, Liberator  
  36  6:11  SCV  
  35  6:15  SCV  
  36  6:23  SCV  
  40  6:27  SCV  
  40  6:31  Hellion  
  40  6:34  Hellion  
  40  6:35  SCV  
  40  6:39  SCV  
  44  6:43  Siege Tank  
  47  6:47  SCV  
  47  6:51  SCV  
  47  7:00  SCV  
  48  7:03  SCV  
  42  7:09  Hellion x2  
  43  7:18  Siege Tank  
  43  7:20  SCV  
  41  7:31  SCV  
  41  7:34  Hellion  
  41  7:35  Hellion  
  46  7:37  SCV  
  47  7:52  SCV  
  47  7:53  Siege Tank  
  51  8:01  SCV  
  51  8:04  SCV  
  51  8:05  Hellion, Engineering Bay  
  57  8:06  Supply Depot, Hellion  
  57  8:09  Starport Reactor  
  57  8:13  SCV  
  56  8:23  Factory  
  56  8:24  SCV  
  56  8:25  SCV  
  56  8:26  Hellion  
  62  8:27  Hellion  
  62  8:31  Supply Depot  
  62  8:36  SCV  
  62  8:37  SCV  
  62  8:47  Siege Tank  
  63  8:50  SCV x2  
  63  8:56  Hellion x2  
  63  8:57  Viking x2  
  63  9:00  Terran Vehicle Weapons Level 1  
  63  9:02  SCV  
  72  9:03  SCV  
  72  9:07  Factory Tech Lab  
  73  9:14  SCV  
  73  9:15  SCV  
  73  9:27  SCV x2  
  73  9:30  Siege Tank x2  
  81  9:39  SCV x2  
  81  9:40  Command Center, Viking  
  85  9:46  Supply Depot  
  85  9:47  Viking  
  85  9:49  Supply Depot, Infernal Pre-Igniter  
  87  9:54  SCV x2  
  89  10:06  SCV x2  
  91  10:12  Supply Depot  
  91  10:14  Supply Depot  
  91  10:15  Missile Turret  
  91  10:17  Siege Tank, Missile Turret  
  91  10:18  SCV  
  91  10:19  SCV  
  96  10:24  Viking  
  96  10:28  Refinery  
  98  10:31  Viking  
  98  10:33  Refinery  
  100  10:38  SCV  
  100  10:39  Factory  
  100  10:40  Factory  
  101  10:49  SCV  
  102  10:50  SCV  
  102  10:54  Viking  
  102  10:56  Orbital Command  
  105  11:01  Viking  
  105  11:02  SCV  
  105  11:03  Siege Tank  
  111  11:08  Terran Vehicle Weapons Level 2  
  111  11:10  SCV  
  112  11:14  SCV  
  112  11:15  Hellion x2  
  117  11:24  Missile Turret x3  
  117  11:26  Missile Turret  
  117  11:35  SCV x2, Missile Turret x2  
  117  11:36  Missile Turret  
  117  11:38  Factory Tech Lab, Factory Reactor, Missile Turret  
  119  11:40  SCV  
  117  11:47  SCV  
  117  11:54  SCV  
  107  11:55  SCV  
  107  11:59  SCV  
  107  12:00  Siege Tank  
  102  12:03  Siege Tank x2  
  102  12:04  Hellbat x2  
  102  12:06  SCV  
  102  12:07  SCV  
  106  12:11  SCV  
  105  12:18  SCV, Hellbat x2  
  105  12:19  SCV  
  111  12:31  SCV  
  111  12:32  SCV, Siege Tank  
  111  12:34  Hellbat x2  
  120  12:39  Command Center  
  120  12:45  Hellbat  
  120  12:46  Siege Tank, Hellbat  
  120  12:50  SCV x2  
  129  12:57  Viking x2  
  133  13:07  Missile Turret  
  133  13:08  Supply Depot  
  133  13:10  Supply Depot, Missile Turret  
  133  13:11  SCV x3  
  136  13:13  Supply Depot, Siege Tank  
  139  13:24  Terran Vehicle Weapons Level 3  
  139  13:30  Siege Tank  
  142  13:37  Sensor Tower  
  142  13:38  Siege Tank  
  145  13:45  Siege Tank  
  145  13:47  Hellbat x3  
  154  13:52  SCV x3  
  157  14:00  Sensor Tower  
  157  14:03  Supply Depot  
  157  14:06  Supply Depot, Siege Tank  
  157  14:08  Supply Depot  
  160  14:23  Siege Tank x2  
  170  14:24  Hellbat x2  
  170  14:27  Medivac  
  170  14:28  Medivac  
  174  14:33  Planetary Fortress  
  174  14:34  SCV x2  
  172  14:46  Siege Tank, Hellbat  
  172  14:51  Hellion  
  172  14:52  Hellbat  
  172  14:57  Viking  
  172  14:58  Viking  
  176  15:03  Refinery x2  
  176  15:07  Missile Turret  
  176  15:14  Siege Tank  
  176  15:15  Hellbat  
  181  15:21  Factory  
  181  15:22  Factory  
  181  15:23  Factory  
  157  15:35  Viking x2  
  159  15:45  Hellion, Siege Tank  
  162  15:56  Starport  
  162  15:57  Siege Tank, Starport  
  162  16:01  Terran Vehicle And Ship Armor Level 1  
  161  16:05  Viking x2  
  161  16:07  Factory Tech Lab  
  161  16:08  Factory Reactor  
  161  16:09  Command Center  
  165  16:15  SCV x2  
  165  16:16  SCV  
  168  16:24  Siege Tank  
  171  16:31  Factory Tech Lab  
  171  16:35  Viking x2  
  171  16:39  Hellion x2  
  163  16:45  Starport Reactor, Starport Tech Lab  
  163  16:46  Thor  
  153  16:47  Factory Tech Lab  
  153  16:48  Thor  
  153  16:52  Thor  
  159  16:58  Siege Tank  
  160  17:08  Siege Tank, Hellbat  
  163  17:22  Planetary Fortress  
  163  17:25  Missile Turret  
  154  17:48  Missile Turret  
  154  17:54  Refinery x2  
  153  18:01  Refinery  
  153  18:04  Refinery  
  153  18:11  Siege Tank x3  
  153  18:12  Siege Tank  
  165  18:13  Hellbat  
  165  18:14  Siege Tank x2, Hellbat x3  
  173  18:30  Raven  
  175  18:43  Thor  
  175  18:47  Viking x3  
  186  19:03  Siege Tank  
  186  19:04  Hellbat x2  
Show
View Real Time Build Order
Export as new Build Order

Bakemonoda Terran 

Build Orders: 1/1/1 

Get SALT Encoding   

  12  0:01  SCV  
  13  0:13  SCV  
  14  0:18  Supply Depot  
  14  0:26  Refinery  
  14  0:28  SCV  
  15  0:42  Barracks  
  15  0:44  SCV  
  16  0:56  SCV  
  17  1:02  Refinery  
  17  1:09  SCV  
  18  1:21  SCV  
  19  1:30  Factory  
  19  1:36  Orbital Command  
  19  1:38  Reaper  
  20  2:02  Supply Depot  
  20  2:03  SCV  
  21  2:12  Barracks Reactor  
  21  2:17  Starport, Factory Reactor  
  21  2:27  SCV  
  22  2:39  SCV  
  23  2:49  Marine x2  
  25  2:54  Hellion x2  
  25  2:55  Medivac  
  31  3:01  Armory  
  31  3:05  SCV  
  31  3:09  Marine x2  
  31  3:10  Supply Depot  
  34  3:17  Supply Depot  
  34  3:21  Hellion  
  34  3:25  Starport Tech Lab  
  36  3:30  Hellion  
  36  3:33  SCV  
  43  3:56  Raven  
  41  4:08  Command Center  
  41  4:13  Widow Mine x2, Marine x2  
  41  4:15  SCV  
  46  4:33  Marine x2  
  48  4:42  Viking  
  49  4:51  SCV  
  44  4:57  Marine x2  
  49  5:03  SCV  
  43  5:21  Orbital Command  
  43  5:30  Viking x2, Marine x2  
  43  5:32  Command Center  
  49  5:41  Siege Tank  
  52  5:47  SCV  
  52  5:49  SCV  
  49  5:59  SCV  
  49  6:01  SCV  
  48  6:11  SCV, Viking x2  
  48  6:12  Marine x2  
  48  6:13  SCV  
  56  6:24  SCV  
  57  6:26  SCV  
  58  6:33  Marine  
  58  6:34  Marine  
  58  6:38  Siege Tank  
  47  7:20  Marine x2  
  49  7:30  Siege Tank  
  52  7:38  Marine  
  47  7:54  Marine  
  47  7:56  Viking  
  47  7:58  SCV  
  51  8:00  Orbital Command  
  51  8:02  SCV  
  50  8:06  Barracks  
  50  8:07  Barracks  
  50  8:08  Barracks  
  50  8:09  Barracks  
  50  8:10  SCV  
  50  8:11  Engineering Bay x2  
  51  8:15  SCV  
  52  8:22  SCV  
  52  8:25  Marine x2  
  52  8:26  Siege Tank  
  52  8:27  SCV  
  59  8:28  SCV  
  60  8:34  SCV  
  60  8:38  Refinery  
  60  8:39  SCV  
  60  8:40  SCV, Refinery  
  61  8:45  Marine x2  
  61  8:46  SCV  
  61  8:47  Medivac  
  66  8:51  SCV  
  66  8:52  SCV  
  58  9:00  SCV  
  58  9:03  SCV, Refinery  
  58  9:05  Refinery  
  56  9:22  Marine  
  56  9:23  Siege Tank, Marine  
  61  9:27  SCV x3  
  63  9:34  Barracks Tech Lab, Marine  
  63  9:35  Marine x2  
  63  9:39  SCV x3  
  63  9:40  Marine  
  67  9:47  Marine  
  67  9:48  Terran Infantry Weapons Level 1, Terran Infantry Armor Level 1  
  67  9:52  Stimpack  
  68  9:53  Barracks Tech Lab  
  68  9:54  Marine  
  68  9:55  Marauder, Marine  
  68  9:57  SCV x3  
  68  9:58  Marine  
  76  10:07  Barracks, Marine  
  76  10:08  Barracks  
  76  10:09  SCV x3  
  76  10:10  Barracks  
  80  10:14  Marine x3  
  80  10:16  Marauder, Medivac  
  80  10:17  Medivac  
  80  10:21  SCV x2  
  90  10:22  Marine  
  90  10:25  SCV  
  93  10:33  SCV x2, Marauder  
  97  10:36  Marine x3  
  97  10:37  SCV  
  97  10:38  Marauder  
  97  10:40  Marine  
  97  10:41  Supply Depot x2  
  97  10:42  Siege Tank  
  107  10:44  Combat Shields  
  107  10:48  Terran Vehicle Weapons Level 1  
  107  10:51  Viking  
  109  11:02  Marauder x2, Marine x4  
  109  11:03  Marine x2  
  119  11:09  Supply Depot x2  
  119  11:11  SCV  
  120  11:12  SCV  
  121  11:19  Marine  
  121  11:20  Marine  
  121  11:24  Marauder  
  125  11:28  Marauder, Marine x2  
  125  11:30  Marine  
  130  11:45  Marauder  
  113  12:02  Marine x2  
  113  12:03  Marauder, Marine x5  
  113  12:07  Marauder  
  119  12:11  Starport  
  119  12:13  Starport  
  115  12:17  SCV x2, Terran Infantry Weapons Level 2, Terran Infantry Armor Level 2  
  115  12:20  Marine  
  115  12:22  Corvid Reactor  
  118  12:24  Raven, Orbital Command  
  118  12:25  Marine  
  118  12:26  Marine x6  
  118  12:27  Marine  
  118  12:28  Widow Mine x2  
  132  12:35  SCV x2  
  134  12:38  Marine  
  135  12:46  Marine x2  
  135  12:47  SCV, Marauder x2, Marine x4  
  135  12:51  Starport Tech Lab x2  
  146  12:56  Marine  
  147  13:01  SCV x3  
  150  13:08  Marauder x2, Marine x3  
  150  13:11  Refinery  
  157  13:14  Refinery  
  157  13:15  Supply Depot, Marine x3  
  157  13:16  Supply Depot  
  157  13:19  Supply Depot  
  160  13:29  Marauder  
  160  13:31  Raven x2  
  160  13:33  Marine x7  
  173  13:36  Widow Mine x2  
  173  13:37  Marine  
  173  13:38  Raven  
  173  13:40  Explosive Shrapnel Shells  
  180  13:50  Marine  
  181  14:03  Marauder, Marine x2  
  181  14:04  Marine x2  
  181  14:09  Marauder  
  188  14:21  Raven x2  
  188  14:23  Marine x3  
  188  14:24  Marine x4  
  197  14:40  Marauder  
  197  14:41  Marauder, Marine x2  
  197  14:42  Marine x3  
  197  14:43  Marine x2  
  184  14:51  Widow Mine x2  
  159  14:53  Raven  
  161  15:02  Marauder  
  163  15:13  Viking x2  
  163  15:14  Marine x5  
  167  15:15  Marine x2, Marauder  
  167  15:17  Command Center  
  176  15:21  Command Center  
  176  15:24  Marauder  
  167  15:32  Marine  
  167  15:34  Marine x2  
  107  15:36  Marauder  
  107  15:42  Marine x3  
  106  15:45  Raven, Marauder  
  106  15:46  Viking, Raven  
  109  15:57  Marauder  
  109  16:00  Marine x2  
  109  16:01  Marine x5  
  109  16:02  Widow Mine x2  
  122  16:06  Marauder  
  124  16:13  Command Center  
  124  16:14  SCV  
  124  16:15  SCV x2  
  124  16:18  Marine x3  
  125  16:19  Marauder  
  125  16:24  Viking  
  125  16:25  Marine x4  
  136  16:26  SCV  
  136  16:27  SCV x2  
  136  16:28  Marauder  
  139  16:36  Marine x2  
  99  16:53  Raven x2  
  96  17:01  Marauder, Marine x2  
  96  17:02  Marauder, Marine x3  
  96  17:03  Marine x2  
  96  17:05  Raven, Widow Mine  
  110  17:21  SCV x2  
  110  17:23  Marauder  
  112  17:33  SCV x2  
  114  17:44  Raven  
  114  17:45  Marauder, Marine x8  
  126  17:55  Command Center  
  126  18:03  Marine x3  
  129  18:21  SCV x2  
  131  18:33  SCV  
  131  18:34  SCV, Orbital Command  
  133  18:52  Marine  
  133  18:53  Marauder x2, Marine x6  
  144  19:06  Refinery  
  144  19:09  Refinery  
  140  19:10  Marine x2  
  140  19:11  Marine x4  
  140  19:15  Marauder x2  
Tags
 
Add a new tag
Caveats
  • Supply blocks, unpowered buildings, or Contaminate may cause inaccurate times.
  • Supply counts are checked every 10 seconds.